Cogmind - Beta 12 @@@ ROGUE MODE // 2023.11.02 @ 04:22:09 // Winter2019/RPGLIKE Player: Rainynight Result: Destroyed by H-55 Commando with Gauss Rifle Performance ------------- Evolutions (3) 1500 Regions Visited (7) 1400 Robots Destroyed (349) 1745 Value Destroyed (13313) 13313 Prototype IDs (40) 800 Alien Tech Used (0) 0 Bonus (13587) 13587 TOTAL SCORE: 32345 Bonus ------- Triggered High Security 1500 High Alert Combat Kills 11787 Aligned with FarCom 300 Cogmind --------- Core Integrity 0/1500 Matter 195/300 Energy 360/470 System Corruption 20% Temperature Cool (0) Movement Treading (153) Location -7/Factory Parts ------- > --- POWER (2) -------- Heavy Ion Engine Improved Deuterium Engine > --- PROPULSION (4) --- Armored Treads Advanced Treads Advanced Treads Armored Wheel > --- UTILITY (9) ------ Improved Heat Sink Improved Heat Sink Cooling System Advanced Targeting Computer Core Analyzer Improved Light Armor Plating Shield Generator Improved Recalibrator > --- WEAPON (4) ------- Advanced Beam Cannon Firepult Missile Launcher > --- INVENTORY (4) ---- Cooled Ion Engine High-capacity Battery (250) Advanced Beam Cannon Peak State ------------ > --- POWER ------------ Cooled Ion Engine Improved Deuterium Engine > --- PROPULSION ------- Armored Treads Advanced Treads Advanced Treads Armored Wheel > --- UTILITY ---------- Improved Heat Sink Cooling System Advanced Targeting Computer Core Analyzer Hardened Medium Armor Plating Improved Light Armor Plating Improved Light Armor Plating Shield Generator Improved Recalibrator > --- WEAPON ----------- Advanced Beam Cannon Advanced Beam Cannon Firepult > --- INVENTORY -------- Heavy Ion Engine High-capacity Battery Light Armor Plating Missile Launcher [Rating: 73] Favorites ----------- Power Deuterium Engine Engine Deuterium Engine Power Core Light Nuclear Core Propulsion Advanced Treads Treads Advanced Treads Wheel Armored Wheel Utility Light Armor Plating Device Shield Generator Storage High-capacity Battery Processor Core Analyzer Protection Light Armor Plating Weapon Beam Cannon Energy Gun Medium Laser Energy Cannon Beam Cannon Launcher Grenade Launcher Build | -11 -10 -10 -10 -9 -8 -8 -7 ------- Run | Jun Mat Min Exi Min Mat Sto Fac Slots Evolved 15 | 4 2 . . 2 6 1 . Power 1 | . . . . . 1 . . Propulsion 3 | 1 . . . 1 . 1 . Utility 8 | 1 1 . . 1 5 . . Weapon 3 | 2 1 . . . . . . Parts Attached 86 | 7 19 3 1 3 19 18 16 Power 15 | 2 1 1 . . 5 2 4 Engine 12 | 2 1 1 . . 2 2 4 Core 3 | . . . . . 3 . . Reactor . | . . . . . . . . Propulsion 9 | 2 3 . . 1 2 1 . Treads 5 | . 2 . . . 2 1 . Leg . | . . . . . . . . Wheel 4 | 2 1 . . 1 . . . Hover . | . . . . . . . . Flight . | . . . . . . . . Utility 37 | . 6 1 . 2 12 7 9 Device 19 | . 2 . . 1 5 4 7 Storage 2 | . 2 . . . . . . Processor 3 | . . . . . 2 1 . Hackware . | . . . . . . . . Protection 13 | . 2 1 . 1 5 2 2 Artifact . | . . . . . . . . Weapon 25 | 3 9 1 1 . . 8 3 Energy Gun 14 | 3 6 1 . . . 4 . Energy Cannon 7 | . 2 . 1 . . 3 1 Ballistic Gun . | . . . . . . . . Ballistic Cannon . | . . . . . . . . Launcher 4 | . 1 . . . . 1 2 Special Weapon . | . . . . . . . . Impact Weapon . | . . . . . . . . Slashing Weapon . | . . . . . . . . Piercing Weapon . | . . . . . . . . Special Melee Weapon . | . . . . . . . . Unidentified Prototypes 4 | . . . . . . 4 . Parts Lost 5 | . . . . . . 1 4 Power . | . . . . . . . . Propulsion . | . . . . . . . . Utility 4 | . . . . . . . 4 Weapon 1 | . . . . . . 1 . Highest Loss Streak 3 | . . . . . . 1 3 To Critical Strikes . | . . . . . . . . Average Slot Usage (%) 93 | . 97 100 94 89 91 93 93 Engine 8 | . 10 10 10 8 5 9 10 Core 1 | . . . . . 3 . . Treads 11 | . 6 10 10 8 11 13 15 Wheel 7 | . 16 10 10 13 6 5 5 Device 12 | . 3 10 10 10 14 15 15 Storage 2 | . 10 10 10 6 . . . Processor 6 | . . . . . 8 10 10 Protection 17 | . 9 10 10 14 20 21 19 Energy Gun 5 | . 23 20 9 . . 3 . Energy Cannon 16 | . 15 20 25 26 18 11 14 Naked Turns . | . . . . . . . . Heaviest Build 70 | 9 20 29 46 54 66 70 70 Greatest Support 32 | 32 32 10 10 22 22 12 12 Greatest Overweight (x) 5 | . 1 2 4 5 5 5 5 Average Overweight (x) 3 | . . 1 2 2 4 5 4 Largest Inventory Capacity 4 | 1 1 2 2 3 4 4 4 Average Capacity 3 | 1 1 1 2 2 3 4 4 Most Carried 4 | 1 1 2 2 3 4 4 4 Average Carried 3 | . . 1 2 1 3 4 3 Final Capacity 4 | 1 1 2 2 3 4 4 4 Final Carried 4 | 1 1 2 2 3 4 4 3 Class Distribution -------------------- 75% | Pyromaniac-Mutant 11% | Gunner 7% | Tank 3% | Pyromaniac-Tank Dominant Class ---------------- Gunner | -10/Materials Tank | -10/Mines Pyromaniac-Mutant | -10/Exiles Pyromaniac-Mutant | -9/Mines Pyromaniac-Mutant | -8/Materials Pyromaniac-Mutant | -8/Storage Pyromaniac-Mutant | -7/Factory Resources | -11 -10 -10 -10 -9 -8 -8 -7 ----------- Run | Jun Mat Min Exi Min Mat Sto Fac Matter Collected 1776 | 232 391 30 . 53 266 513 291 Remotely . | . . . . . . . . Salvage Created 15821 | . 481 68 . 310 3575 6063 5324 Parts 487 | . 44 6 . 13 138 147 139 Haulers Intercepted 11 | . 2 . . . 4 5 . Recyclers Shooed 2 | . 1 . . 1 . . . Parts Field Recycled . | . . . . . . . . Retrieved Matter . | . . . . . . . . Parts Self-Destructed . | . . . . . . . . Prevented . | . . . . . . . . Kills | -11 -10 -10 -10 -9 -8 -8 -7 ------- Run | Jun Mat Min Exi Min Mat Sto Fac Combat Hostiles Destroyed 302 | . 9 1 . 8 70 97 117 Guns 8 | . 5 . . . . 3 . Cannons 53 | . 1 1 . 2 14 12 23 AOE 137 | . 3 . . 5 33 45 51 Classes Destroyed 17 | . 10 . . 1 4 1 1 Worker 17 | . 2 1 . . 5 7 2 Builder 8 | . 1 . . . 4 2 1 Tunneler 7 | . 1 . . 2 3 . 1 Hauler 11 | . 2 . . . 4 5 . Recycler 10 | . 2 . . 1 4 3 . Carrier 2 | . . . . . . 2 . Mechanic 24 | . 1 . . . 3 8 12 Operator 5 | . 1 . . . 2 2 . Watcher 8 | . 1 . . . 5 2 . Swarmer 32 | . 3 . . 4 11 4 10 Grunt 147 | . 6 1 . 3 36 59 42 Brawler 31 | . . . . . 7 14 10 Duelist 15 | . . . . 1 2 4 8 Protector 17 | . . . . . 1 8 8 Sentry 20 | . . . . . 12 7 1 Hunter 28 | . . . . . 1 1 26 Programmer 12 | . . . . . . . 12 Best Kill Streak 33 | . 3 1 . 4 13 33 24 Combat Bots Only 31 | . 3 1 . 4 12 31 24 Max Kills in Single Turn 7 | . 2 1 . 3 5 7 7 Gunslinging 1 | . 1 . . . . . . Exploded 4 | . 2 . . 3 4 4 4 Melee . | . . . . . . . . Uniques/NPCs Destroyed . | . . . . . . . . Combat | -11 -10 -10 -10 -9 -8 -8 -7 -------- Run | Jun Mat Min Exi Min Mat Sto Fac Damage Taken 5994 | . 311 . . 35 852 701 4095 Core 4050 | . 239 . . 20 593 438 2760 Absorbed by Shields 1541 | . 25 . . 14 320 241 941 Redirected to Core 3316 | . 197 . . 20 435 352 2312 Regen/Repaired (Parts) 95 | . 73 . . . 22 . . Core Remaining (%) 99 | 100 . . . 99 . 100 . Volleys Fired 434 | . 90 3 . 12 102 118 109 Largest 4 | . 4 4 . 1 3 3 3 Hottest 386 | . 220 220 . 250 370 386 386 Shots Fired 727 | . 285 12 . 12 107 157 154 Gun 177 | . 152 6 . . . 19 . Cannon 518 | . 118 6 . 12 107 129 146 Launcher 32 | . 15 . . . . 9 8 Special . | . . . . . . . . Kinetic . | . . . . . . . . Thermal 695 | . 270 12 . 12 107 148 146 Explosive 32 | . 15 . . . . 9 8 Electromagnetic . | . . . . . . . . Robot Hit Streak 22 | . 9 5 . 9 15 22 16 Robot Miss Streak 6 | . 4 . . 2 4 2 6 Penetration Max . | . . . . . . . . Secondary Targets 1 | . 1 . . . . . . Max Gunslinging Chain 1 | . 1 . . . . . . Shots Hit Robots 323 | . 51 4 . 7 56 76 129 Core Hits 725 | . 34 2 . 12 162 243 272 Critical Kills 2 | . . . . . . . 2 Critical Parts Destroyed . | . . . . . . . . Critical Strikes 9 | . 3 . . . . 4 2 Burn 7 | . 3 . . . . 4 . Meltdown 2 | . . . . . . . 2 Melee Attacks . | . . . . . . . . Impact . | . . . . . . . . Slashing . | . . . . . . . . Piercing . | . . . . . . . . Sneak Attacks . | . . . . . . . . Combat Hostiles . | . . . . . . . . Follow-up Attacks . | . . . . . . . . Damage Inflicted 25717 | . 1134 60 . 455 5388 7678 11002 Guns 725 | . 400 41 . . . 284 . Cannons 6030 | . 360 19 . 136 1284 1434 2797 Explosions 18954 | . 374 . . 311 4104 5960 8205 Melee . | . . . . . . . . Ramming 8 | . . . . 8 . . . Kinetic . | . . . . . . . . Thermal 23009 | . 760 60 . 447 5388 7678 8676 Explosive 2700 | . 374 . . . . . 2326 Electromagnetic . | . . . . . . . . Impact . | . . . . . . . . Slashing . | . . . . . . . . Piercing . | . . . . . . . . Highest Corruption 20 | . 2 2 2 2 . . 20 Average Corruption 3 | . 2 2 2 2 . . 5 Corruption Purged . | . . . . . . . . Corruption Blocked . | . . . . . . . . Effects 34 | . 10 1 3 8 . . 12 Message Errors 11 | . 5 . 2 3 . . 1 Matter Fused 7 | . 2 . . 2 . . 3 Heat Flow Errors 5 | . 1 . . 1 . . 3 Energy Discharges 1 | . . . . . . . 1 Data Loss (minor) 4 | . . 1 1 . . . 2 Data Loss (major) 2 | . . . . 2 . . . Misfires 1 | . . . . . . . 1 Alerts 2 | . 2 . . . . . . Weapon Failures 1 | . . . . . . . 1 Overload Shots . | . . . . . . . . Overflow Damage 160 | . 17 . . . 19 19 105 Projectiles 20 | . 2 . . . 18 . . Explosions 140 | . 15 . . . 1 19 105 Melee . | . . . . . . . . Knockbacks . | . . . . . . . . Impact . | . . . . . . . . Kinetic . | . . . . . . . . Secondary . | . . . . . . . . Self-Inflicted Damage 1010 | . 181 . . 33 354 99 343 Shots 75 | . 5 . . 3 29 17 21 Rammed 1 | . . . . 1 . . . Targets Rammed 1 | . . . . 1 . . . Kicked . | . . . . . . . . Crushed . | . . . . . . . . Highest Temperature 1305 | . 334 72 . 288 631 1233 1305 Average Temperature 156 | . 94 41 . 107 136 223 242 Received Heat Transfer 1222 | . 52 . . . 248 288 634 Effects 87 | . 2 . . . 11 37 37 Shutdowns 25 | . . . . . 3 13 9 Energy Bleed 6 | . . . . . 2 . 4 Interference 13 | . 2 . . . . 10 1 Matter Decay 8 | . . . . . 1 5 2 Short Circuit 5 | . . . . . . 2 3 Damage (minor) 9 | . . . . . . 1 8 Damage (major) 17 | . . . . . 4 6 7 Damage (core) 4 | . . . . . 1 . 3 Siege Activations . | . . . . . . . . Robots Corrupted . | . . . . . . . . Combat Hostiles . | . . . . . . . . Parts Fried . | . . . . . . . . Impact Corruptions . | . . . . . . . . Robots Melted 119 | . . . . 1 27 46 45 Combat Hostiles 104 | . . . . 1 23 37 43 Parts Melted 530 | . 7 . . 13 121 196 193 Heat Transferred 112988 | . 2109 148 . 2080 28192 41636 38823 Parts Sabotaged . | . . . . . . . . Parts Stolen . | . . . . . . . . Parts Stripped . | . . . . . . . . Power Chain Reactions . | . . . . . . . . Missiles Intercepted . | . . . . . . . . Alert | -11 -10 -10 -10 -9 -8 -8 -7 ------- Run | Jun Mat Min Exi Min Mat Sto Fac Peak Influence 4755 | . 454 179 . 239 2746 3969 4755 Initial 1805 | . . 129 . . 63 1159 1805 Average 1684 | . 264 158 . 126 1446 2625 2951 Maximum Alert Level 5 | . 2 . . 1 5 5 5 Low Security (%) 16 | 100 35 100 . 99 4 . . Level 1 9 | . 41 . . . 6 . . Level 2 5 | . 22 . . . 5 . . Level 3 8 | . . . . . 25 . . Level 4 11 | . . . . . 19 18 . Level 5 12 | . . . . . 6 25 22 High Security 37 | . . . . . 31 55 77 Max Security . | . . . . . . . . Sterilizations 2 | . . . . . 1 1 . Squads Dispatched 81 | . 4 1 . 1 16 23 36 Investigation 15 | . 3 1 . 1 6 3 1 Extermination . | . . . . . . . . Reinforcement 4 | . 1 . . . 1 2 . Assault 54 | . . . . . 6 16 32 Garrison 8 | . . . . . 3 2 3 Intercept . | . . . . . . . . Searches Triggered . | . . . . . . . . Construction Impeded 1 | . . . . . . 1 . Haulers Reinforced . | . . . . . . . . Active Scanning Responses . | . . . . . . . . Cargo Convoy Interrupts . | . . . . . . . . Stealth | -11 -10 -10 -10 -9 -8 -8 -7 --------- Run | Jun Mat Min Exi Min Mat Sto Fac Distress Signals 4 | . . . . 1 2 1 . Communications Jammed . | . . . . . . . . Distress Signals . | . . . . . . . . Times Spotted 382 | . 12 1 . 6 82 118 163 Peak Tracking Total 20 | . 3 . . 1 14 16 20 Tactical Retreats 3 | . . . . . 1 1 1 Traps | -11 -10 -10 -10 -9 -8 -8 -7 ------- Run | Jun Mat Min Exi Min Mat Sto Fac Traps Triggered 4 | . 2 . . . . 1 1 Indirectly . | . . . . . . . . Trap Hack Attempts . | . . . . . . . . Triggered . | . . . . . . . . Disarmed . | . . . . . . . . Reprogrammed . | . . . . . . . . Reused . | . . . . . . . . Traps Extracted . | . . . . . . . . Installed . | . . . . . . . . Triggered . | . . . . . . . . Machines | -11 -10 -10 -10 -9 -8 -8 -7 ---------- Run | Jun Mat Min Exi Min Mat Sto Fac Machines Disabled 109 | . 26 1 . 11 33 24 14 Max in Single Turn 4 | . 2 1 . 3 3 2 4 Garrison Access 2 | . . . . . 1 1 . Machines Repaired . | . . . . . . . . Machines Sabotaged . | . . . . . . . . Overloaded Fab Kills . | . . . . . . . . Hacking | -11 -10 -10 -10 -9 -8 -8 -7 --------- Run | Jun Mat Min Exi Min Mat Sto Fac Machines Accessed 26 | . 10 1 2 1 8 2 2 Terminals 14 | . 7 . . 1 4 2 . Fabricators 2 | . . . . . . . 2 Repair Stations 2 | . 1 . . . 1 . . Recycling Units 4 | . 2 . . . 2 . . Scanalyzers 1 | . . . . . 1 . . Garrison Access . | . . . . . . . . Total Hacks 87 | . 40 1 2 6 25 6 7 Successful 43 | . 19 1 2 2 13 4 2 Failed 43 | . 20 . . 4 12 2 5 Catastrophic 10 | . 3 . . 1 3 . 3 Database Lockouts 1 | . 1 . . . . . . Manual 52 | . 22 . 1 7 9 7 6 Terminals 56 | . 31 . . 6 13 6 . Fabricators 7 | . . . . . . . 7 Repair Stations 6 | . 4 . . . 2 . . Recycling Units 12 | . 5 . . . 7 . . Scanalyzers 3 | . . . . . 3 . . Garrison Access . | . . . . . . . . Terminal Hacks 27 | . 12 1 2 2 6 4 . Record 2 | . 1 . 1 . . . . Robot Analysis 7 | . 4 . . 1 . 2 . Prototype ID Bank 9 | . 5 . . . 3 1 . Open Door 1 | . . 1 . . . . . Branch Access Points 2 | . 1 . . . 1 . . Unreport Threat 2 | . 1 . . 1 . . . Recall Reinforcements 2 | . . . . . 1 1 . Registered Components 1 | . . . . . 1 . . EX-Prototype ID Bank 1 | . . . 1 . . . . Fabricator Hacks 1 | . . . . . . . 1 Network Status 1 | . . . . . . . 1 Repair Station Hacks 6 | . 4 . . . 2 . . Scan Component 3 | . 2 . . . 1 . . Repair 3 | . 2 . . . 1 . . Recycling Unit Hacks 2 | . 1 . . . 1 . . Retrieve Components 2 | . 1 . . . 1 . . Scanalyzer 2 | . . . . . 2 . . Insert Component 1 | . . . . . 1 . . Analyze 1 | . . . . . 1 . . Garrison Access Hacks . | . . . . . . . . Unauthorized Hacks 5 | . 2 . . . 2 . 1 Terminals . | . . . . . . . . Fabricators 1 | . . . . . . . 1 Fabnet 1 | . . . . . . . 1 Repair Stations . | . . . . . . . . Recycling Units 4 | . 2 . . . 2 . . Tunnel 4 | . 2 . . . 2 . . Scanalyzers . | . . . . . . . . Garrison Access . | . . . . . . . . Data Cores Recovered . | . . . . . . . . Used . | . . . . . . . . Hacking Detections 21 | . 8 . . 1 7 3 2 Full Trace Events 17 | . 7 . . 1 5 3 1 Feedback Events . | . . . . . . . . Feedback Blocked . | . . . . . . . . Robot Schematics Acquired . | . . . . . . . . Robots Built . | . . . . . . . . Authchips . | . . . . . . . . Time . | . . . . . . . . Total Robot Build Rating . | . . . . . . . . Part Schematics Acquired 1 | . . . . . 1 . . Parts Built . | . . . . . . . . Authchips . | . . . . . . . . Time . | . . . . . . . . Total Part Build Rating . | . . . . . . . . Parts Repaired 3 | . 2 . . . 1 . . Time 78 | . 52 . . . 26 . . Parts Recycled . | . . . . . . . . Recycled Matter . | . . . . . . . . Retrieved Matter . | . . . . . . . . Retrieved Components 10 | . 4 . . . 6 . . Parts Scanalyzed 1 | . . . . . 1 . . Part Schematics Acquired 1 | . . . . . 1 . . Parts Damaged . | . . . . . . . . Bothacking | -11 -10 -10 -10 -9 -8 -8 -7 ------------ Run | Jun Mat Min Exi Min Mat Sto Fac Used RIF Installer . | . . . . . . . . Robots Hacked . | . . . . . . . . Non-combat . | . . . . . . . . Combat . | . . . . . . . . Robot Hacks Applied . | . . . . . . . . Relay Couplers Released 2 | . . . . . 1 1 . Machine Destruction 2 | . . . . . 1 1 . Fabnet Peak Effective % . | . . . . . . . . Robots Rewired . | . . . . . . . . Allies Hacked . | . . . . . . . . Hacks Repelled . | . . . . . . . . Allies | -11 -10 -10 -10 -9 -8 -8 -7 -------- Run | Jun Mat Min Exi Min Mat Sto Fac Total Allies . | . . . . . . . . Largest Group . | . . . . . . . . Highest-Rated Group . | . . . . . . . . Highest-Rated Ally . | . . . . . . . . Total Orders . | . . . . . . . . Ally Attacks . | . . . . . . . . Total Damage . | . . . . . . . . Kills . | . . . . . . . . Allies Corrupted . | . . . . . . . . Allies Melted . | . . . . . . . . Intel | -11 -10 -10 -10 -9 -8 -8 -7 ------- Run | Jun Mat Min Exi Min Mat Sto Fac Robot Analysis Total 6 | . 4 . . 1 . 1 . Derelict Logs Recovered 2 | . . . . 2 . . . Drone Launches . | . . . . . . . . Drone Recoveries . | . . . . . . . . Exploration | -11 -10 -10 -10 -9 -8 -8 -7 ------------- Run | Jun Mat Min Exi Min Mat Sto Fac Turns Passed 7714 | 44 1229 153 268 457 2425 1950 1188 Spaces Moved 4114 | 37 827 137 215 321 1254 860 463 Core 6 | 6 . . . . . . . Treads 52 | . 52 . . . . . . Legs . | . . . . . . . . Wheels 4056 | 31 775 137 215 321 1254 860 463 Hover . | . . . . . . . . Flight . | . . . . . . . . Fastest Speed 50 | 50 95 95 110 115 115 165 150 Average Speed 141 | 91 101 99 123 123 156 165 164 Slowest Speed 165 | 100 160 110 140 155 165 165 165 Overloaded Moves . | . . . . . . . . Propulsion Burnouts . | . . . . . . . . Robots Hopped . | . . . . . . . . Cave-ins Triggered . | . . . . . . . . Exploration Rate (%) 54 | 3 99 31 61 51 84 92 13 Regions Visited 7 Branch Regions 4 Pre-discovered Areas 6 | . 2 . 1 1 2 . . Known Exits Taken 2 | . 1 . . . 1 . . Unknown Exits Taken 5 | 1 . 1 1 1 . 1 . Scrap Searched 1 | . . . . 1 . . . Spaces Dug 66 | . . . . . 42 24 . Terrain Destroyed 1401 | . 183 . . 59 699 329 131 Melee . | . . . . . . . . Projectile 60 | . . . . 3 33 21 3 AOE 1341 | . 183 . . 56 666 308 128 Terrain Rammed . | . . . . . . . . Walls Destroyed . | . . . . . . . . Machines Disabled . | . . . . . . . . Actions | -11 -10 -10 -10 -9 -8 -8 -7 --------- Run | Jun Mat Min Exi Min Mat Sto Fac Total 5355 | 43 1014 148 217 368 1604 1230 731 Wait 428 | . 59 . . 22 143 150 54 Move 4107 | 36 826 136 214 320 1253 859 463 Hop . | . . . . . . . . Pick Up 9 | . 1 2 . 1 3 . 2 Fast Attach 48 | 6 15 . 1 2 9 10 5 Attach 6 | . . . . 1 2 . 3 Detach 2 | . . . . 1 . . 1 Swap 33 | 1 4 3 . . 8 9 8 Drop 36 | . 10 4 2 . 7 9 4 Fire 434 | . 90 3 . 12 102 118 109 Melee . | . . . . . . . . Ram 1 | . . . . 1 . . . Kick . | . . . . . . . . Crush . | . . . . . . . . Escape Stasis . | . . . . . . . . Rewire . | . . . . . . . . Trap . | . . . . . . . . Miscellaneous 251 | . 9 . . 8 77 75 82 Route ------- -11/Junkyard -10/Materials (discovered 5 exits: [*Mat x3] / *Min x2) -10/Mines (discovered 3 exits: [*Mat x2] / *Exi) -10/Exiles (discovered 2 exits: *Min x2) -9/Mines (discovered 2 exits: *Mat x2) -8/Materials (discovered 3 exits: *Fac x2 / *Sto) -8/Storage (discovered 2 exits: *Fac / Rec) -7/Factory History --------- Turn | Location | Event 1 | -11/Junkyard | Upgraded with Propulsion slot (x1) 1 | -11/Junkyard | Upgraded with Utility slot (x1) 1 | -11/Junkyard | Upgraded with Weapon slot (x2) 20 | -11/Junkyard | Discovered new exit (range 16) 45 | -11/Junkyard | Entered Materials 142 | -10/Materials | Met 8R-AWN 218 | -10/Materials | Discovered new exit (range 14) 239 | -10/Materials | Identified exit to Mines 403 | -10/Materials | Discovered new exit (range 10) 492 | -10/Materials | Reached level 2 513 | -10/Materials | Upgraded with Weapon slot (x1) 631 | -10/Materials | Discovered new exit (range 9) 684 | -10/Materials | Build established: Gunner 803 | -10/Materials | Discovered new exit (range 15) 834 | -10/Materials | Central database locked down 955 | -10/Materials | Reached level 3 955 | -10/Materials | Upgraded with Utility slot (x1) 1104 | -10/Materials | Repaired Lgt. Treads 1132 | -10/Materials | Repaired Med. Laser? 1259 | -10/Materials | Build established: Tank 1274 | -10/Materials | Entered Mines 1275 | -10/Mines | Followed 8R-AWN into the Mines 1314 | -10/Mines | Discovered new exit (range 7) 1317 | -10/Mines | Met a Derelict bent on vengeance 1358 | -10/Mines | Discovered new exit (range 8) 1364 | -10/Mines | Met a Derelict shopkeep closing up shop 1422 | -10/Mines | Discovered new exit (range 5) 1427 | -10/Mines | Entered Exiles 1429 | -10/Exiles | Reached level 4 1444 | -10/Exiles | Discovered new exit (range 15) 1457 | -10/Exiles | Welcomed by 8R-AWN 1474 | -10/Exiles | Met EX-HEX 1502 | -10/Exiles | Met EX-BIN 1518 | -10/Exiles | Aligned with FarCom system 1519 | -10/Exiles | Given EX-Vault access code 1544 | -10/Exiles | Opened EX-Vault 1556 | -10/Exiles | Found Firepult 1587 | -10/Exiles | Warned to stay clear of 0b10 Research branches 1628 | -10/Exiles | Met EX-DEC 1640 | -10/Exiles | Learned location of Zion (-6) 1684 | -10/Exiles | Discovered new exit (range 10) 1695 | -10/Exiles | Left Exiles lab with Firepult 1695 | -10/Exiles | Entered Mines 1792 | -9/Mines | Reached level 5 1814 | -9/Mines | Upgraded with Propulsion slot (x1) 1814 | -9/Mines | Upgraded with Utility slot (x1) 1854 | -9/Mines | Build established: Pyromaniac-Mutant 2083 | -9/Mines | Discovered new exit (range 8) 2090 | -9/Mines | Discovered new exit (range 6) 2152 | -9/Mines | Entered Materials 2154 | -8/Materials | Reached level 6 2230 | -8/Materials | Upgraded with Utility slot (x1) 2268 | -8/Materials | Reached level 7 2276 | -8/Materials | Upgraded with Utility slot (x1) 2407 | -8/Materials | Identified exit to Storage 2475 | -8/Materials | Reached level 8 2501 | -8/Materials | Destroyed 7 combat bots 2531 | -8/Materials | Repaired Heat Sink 2618 | -8/Materials | Discovered new exit (range 11) 2646 | -8/Materials | Garrison activated, responded to threat 2663 | -8/Materials | Reached level 9 2687 | -8/Materials | Upgraded with Utility slot (x1) 2691 | -8/Materials | Upgraded with Power slot (x1) 3218 | -8/Materials | Reached level 10 3276 | -8/Materials | Destroyed 9 combat bots 3347 | -8/Materials | Reached level 11 3352 | -8/Materials | Upgraded with Utility slot (x1) 3752 | -8/Materials | First assault squad dispatched 3824 | -8/Materials | Reached level 12 3824 | -8/Materials | High security lockdown imminent 3904 | -8/Materials | High security lockdown engaged 3966 | -8/Materials | Sterilization system engaged 3966 | -8/Materials | Non-combat units ordered to evacuate 3993 | -8/Materials | Destroyed 12 combat bots 4032 | -8/Materials | Reached level 13 4050 | -8/Materials | Upgraded with Utility slot (x1) 4066 | -8/Materials | Combat units ordered to evacuate 4194 | -8/Materials | Discovered new exit (range 15) 4266 | -8/Materials | Ambient heat levels rising (+10) 4416 | -8/Materials | Ambient heat levels rising (+10) 4566 | -8/Materials | Ambient heat levels rising (+10) 4577 | -8/Materials | Entered Storage 4578 | -8/Storage | Identified exit to Recycling 4967 | -8/Storage | Reached level 14 4977 | -8/Storage | First assault squad dispatched 4996 | -8/Storage | Destroyed 9 combat bots 5113 | -8/Storage | Upgraded with Propulsion slot (x1) 5438 | -8/Storage | High security lockdown imminent 5518 | -8/Storage | High security lockdown engaged 5528 | -8/Storage | Destroyed 16 combat bots 5679 | -8/Storage | Reached level 15 5714 | -8/Storage | Destroyed 16 combat bots 5801 | -8/Storage | Garrison activated, responded to threat 5821 | -8/Storage | Sterilization system engaged 5821 | -8/Storage | Non-combat units ordered to evacuate 5858 | -8/Storage | Destroyed 31 combat bots 5921 | -8/Storage | Combat units ordered to evacuate 5946 | -8/Storage | Destroyed 7 combat bots 6121 | -8/Storage | Ambient heat levels rising (+10) 6271 | -8/Storage | Ambient heat levels rising (+10) 6421 | -8/Storage | Ambient heat levels rising (+10) 6468 | -8/Storage | Discovered new exit (range 4) 6527 | -8/Storage | Entered Factory 6529 | -7/Factory | Reached level 16 6799 | -7/Factory | High security lockdown imminent 6879 | -7/Factory | High security lockdown engaged 7011 | -7/Factory | Destroyed 13 combat bots 7041 | -7/Factory | Reached level 17 7091 | -7/Factory | Destroyed 10 combat bots 7167 | -7/Factory | Garrison activated, responded to threat 7344 | -7/Factory | Destroyed 18 combat bots 7375 | -7/Factory | Reached level 18 7398 | -7/Factory | Destroyed 11 combat bots 7447 | -7/Factory | Core integrity fell below 50% 7466 | -7/Factory | Core integrity fell below 20% 7519 | -7/Factory | Destroyed 24 combat bots 7649 | -7/Factory | System corruption reached 10% 7712 | -7/Factory | Destroyed 14 combat bots 7715 | -7/Factory | Destroyed by H-55 Commando with Gauss Rifle Last Messages --------------- 07691_ System corrupted: Component data lost. 07691_ G-50 Soldier destroyed. 07695_ The unstable cave ceiling collapses. 07695_ Corrupted Aluminum Leg crushed. 07698_ The unstable cave ceiling collapses. 07698_ Acquired 49 matter. 07702_ Acquired Imp. Heat Sink. 07707_ C-30 ARC bursts open, deploying its payload. 07707_ H-55 Commando unfolds itself. 07707_ P-60 Hacker unfolds itself. 07707_ M-28 Smith unfolds itself. 07707_ Slug penetrates Earth. 07709_ Cannot restore functionality to Broken Firepult. 07709_ Penetrated by Slug. 07712_ System corrupted: Matter fused (-10). 07712_ Penetrated by Slug. 07712_ Lgt. Armor Plating destroyed. 07712_ Penetrated by Slug. 07714_ H-55 Commando destroyed. 07715_ Penetrated by Slug. Map ----- +----------------------------------------------------+ | ?????????????????# """^ [%# #??????????? | | ?????????????????+ "" % % # #??????????? | | ?????????????????# "" % #??????????? | | ?????????????????# %=% # #??????????? | | ?????????????????# %%%% #??????????? | | ?????????????????# %=% # # ###??????????? | | ?????????????????# *%! #???????????? | | ?????????????????# %%% /#???????????? | | ?????############# % %% *#???????????? | | ????# # %%%= #???????????? | | ????# % % #???????????? | | ???????""" """ # % #### ## ##??????????? | | ?????????" """ # m !#??????????? | | ?????????" """ ?#= * ! ! #??????????? | | ?????????? ?# % [ hp #??????????? | | ?????????" """ ??#= %%%% #??????????? | | ????????"" """ ??# #?????????? | | ????????"" """???#[ % = ????????? | | ??????????? ???#!% ????????? | | ???????????? ????#* %! % ????????? | | ???????????! ????#^%[%!| ?????????? | | ???????????#?????#==%%%= !%! %" ????????? | | ?????????#########=%=%%*=[[[[! %C ????????? | | ?? %% %%%*% %%%==% ! ; ????????? | | ?? [^ [########%%=[ #% ;;;;#??????????? | | ??????""???????# [%% @ ; #???????????? | | ???????????????#"" [%= # ???????????? | | ???????????????#"" !%= % % ###?????????????? | | ???????????????#"T %% % ###???????????????? | | ???????????????# " "% [ ##?????????????????? | | ???????????????#" [ # #??????????????????? | | ???????????????# *"***= #??????????????????? | | ???????????????# %% [ %% ##??????????????????? | | ???????????????# =%%=! ##???????????????????? | | ???????????????# %% #????????????????????? | | ???????????????# = #????????????????????? | | ???????????????# #????????????????????? | | ???????????????##############????????????????????? | | ?????????????????????????????????????????????????? | | ?????????????????????????????????????????????????? | | ?????????????????????????????????????????????????? | | ?????????????????????????????????????????????????? | | | | | | | | | | | | | | | | | +----------------------------------------------------+ Best States ------------- Heat Dissipation 151 Coolant Potential 50 Energy Generation 30 Energy Capacity 525 Matter Stores 300 Matter Capacity 300 Sight Range 16 Robot Scan Range 14 Terrain Scan Density 10 Armor Coverage 825 Resistance: KI 15 Resistance: TH 15 Evasion (%) 41 Targeting Accuracy 8 Core Analysis 6 Recoil Reduction 3 Item Schematics ----------------- Hcp. Battery | -8/Materials | Scanalyzed Robot Schematics ------------------ None Fabricated ------------ Nothing Alien Tech Used ----------------- None Achievements -------------- None Challenges ------------ None RPGLIKE | -11 -10 -10 -10 -9 -8 -8 -7 --------- Run | Jun Mat Min Exi Min Mat Sto Fac Levels Raised 17 | . 2 . 1 1 8 2 3 XP Earned 29400 | 3000 3640 725 350 2275 11541 3472 4397 XP Spent 28330 | 2670 2630 675 . 2650 12070 3280 4355 Upgrades 61 | 7 6 3 . 3 10 8 24 Power Slot 1 | . . . . . 1 . . Propulsion Slot 3 | 1 . . . 1 . 1 . Utility Slot 8 | 1 1 . . 1 5 . . Weapon Slot 3 | 2 1 . . . . . . Core Integrity 18 | . . 1 . . . . 17 Heat Dissipation 15 | 2 3 1 . . 3 6 . Energy Generation 1 | . . . . . . . 1 Inventory Capacity 4 | 1 . 1 . 1 1 . . Ranged Accuracy 2 | . 1 . . . . 1 . KI Resistance % 3 | . . . . . . . 3 TH Resistance % 3 | . . . . . . . 3 Protomatter Created 4731 | . 132 . . 132 1344 1333 1790 Integrity Restored 4802 | . 164 . . 114 1434 1432 1658 Core 2545 | . 160 . . 93 598 439 1255 Parts 2257 | . 4 . . 21 836 993 403 Protomatter Decayed 1295 | . 150 9 . 52 213 353 518 Game ------ Seed SpreadArmorReconstructor Manual? 0 Play Time 01:22:33 Cumulative 307.2 hours Start 2023.11.02 @ 03:01:31 End 2023.11.02 @ 04:22:09 Sessions 1 Manual Loads 0 Difficulty Rogue Special Mode Winter2019/RPGLIKE Game No. 338 Rogue 311 Adventurer 2 Explorer 25 Win Type - Total 19 Types 16/1/0/2/0/0/0/0/0 Lore% 75 Gallery% 81 Achievement% 78 Wizard Run 0 Options --------- ASCII 1 Keyboard 1 Movement Numpad Keybinds 1 Fullscreen 1 Font 18/X11 Map View 76x50 Tactical HUD 1 Map Filters NONE Filters NONE Steam X RUN: ff9a976a-af05-494e-a9fb-3dfc50853947